 Dungeon Crawl Stone Soup version 0.31.0-32-g396128a36d (webtiles) character file.

Game seed: 14705326090330802656

70 swlaerka the Cudgeller (level 4, 0/4 HPs)
             Began as a Minotaur Berserker on Mar 14, 2024.
             Was a Believer of Trog.
             Constricted to death by a ball python (1 damage)
             ... on level 3 of the Dungeon.
             The game lasted 00:08:43 (2706 turns).

swlaerka the Cudgeller (Minotaur Berserker)         Turns: 2706, Time: 00:08:44

Health: 0/4        AC:  0    Str: 23    XL:     4   Next: 3%
Magic:  3/3        EV:  8    Int:  4    God:    Trog [**....]
Gold:   178        SH:  0    Dex: 10    Spells: 3/3 levels left

rFire   . . .        a - melded +0 mace
rCold   . . .        (shield currently unavailable)
rNeg    . . .        i - +0 ring mail
rPois   .            (helmet restricted)
rElec   .            (no cloak)
rCorr   .            (gloves currently unavailable)
SInv    .            (no boots)
Will    .....        (no amulet)
Stlth   +            (no ring)
HPRegen 0.20/turn    (no ring)
MPRegen 0.08/turn

%: no passive effects
@: blade hands, constricted
A: reduced hp, horns 2, retaliatory headbutt
a: Begin Untransformation, Renounce Religion, Berserk, Trog's Hand


You were on level 3 of the Dungeon.
You worshipped Trog.
Trog was pleased with you.
You had blades for hands.
You visited 1 branch of the dungeon, and saw 4 of its levels.

You collected 178 gold pieces.

Inventory:

Hand Weapons
 a - a +0 mace (melded)
Armour
 i - a +0 ring mail (worn)
Talismans
 n - a blade talisman (active)
Scrolls
 b - 3 scrolls of teleportation {unknown}
 c - a scroll of silence {unknown}
 d - a scroll of vulnerability {unknown}
 e - 3 scrolls of identify {unknown}
 f - a scroll of immolation {unknown}
 g - 2 scrolls of noise {unknown}
 l - a scroll of fear {unknown}
Potions
 h - a potion of heal wounds {unknown}
 j - a potion of haste {unknown}
 k - a potion of ambrosia {unknown}
 m - a potion of lignification {unknown}


   Skills:
 + Level 4.5 Fighting
 + Level 4.7 Maces & Flails
 + Level 3.0 Armour
 + Level 2.4 Dodging
 + Level 0.3 Stealth


You had 3 spell levels left.
You didn't know any spells.
Your spell library contained the following spells:

 Spells                   Type           Power      Damage    Failure   Level
 Summon Small Mammal      Summ           0%         N/A       65%         1
 Blink                    Tloc           0%         N/A       80%         2
 Lesser Beckoning         Tloc           0%         N/A       80%         2
 Momentum Strike          Conj/Tloc      0%         3d8       80%         2
 Call Canine Familiar     Summ           0%         N/A       95%         3
 Summon Blazeheart Golem  Fire/Summ      0%         N/A       100%        4


Dungeon Overview and Level Annotations

Branches:
Dungeon (4/15)
 Temple: D:4-7

Altars:


Innate Abilities, Weirdness & Mutations

You have blades for hands.
Your maximum health is decreased, since you lack skill for your form.
You are incapable of wielding weapons or throwing items.
You have a pair of horns on your head.
You reflexively headbutt those who attack you in melee.


Message History

The bat closely misses you. The bat barely misses you. You furiously retaliate!
You headbutt the bat!
You kill the bat!
Trog accepts your kill.
You see here a bat corpse.
g - 2 scrolls labelled MUOSCH XEUHOCW (gained 1)
e - 3 scrolls labelled NOCIFR NESH (gained 1)
Found a stone staircase leading down.
A malevolent force fills the Dungeon...
You fall into a shaft and drop 1 floor!
The shaft crumbles and collapses.
Found a robe.
Found an escape hatch in the ceiling.
Found a stone staircase leading up.
You start waiting.
Done waiting.
Unknown command.
Unknown command.
Unknown command.
Found a ring mail.
There is a stone staircase leading up here.
You climb upwards.
There is a stone staircase leading down here.
There is a stone staircase leading down here.
b - 3 scrolls labelled NEAVYAVI BOEMO (gained 1)
You open the door.
There is an open door here.
You now have 178 gold pieces (gained 3).
You open the door.
Found a stone staircase leading up.
There is an open door here.
Found a stone staircase leading down.
A ball python comes into view.
Found 8 gold pieces.
A ball python is nearby!
The ball python completely misses you. The ball python grabs you.
The ball python constricts you. The ball python bites you.
Ouch! That really hurt!
* * * LOW HITPOINT WARNING * * *
The ball python constricts you.
You die...

#......##.# ##.##.###.#
#.##.....# #.######.# ##
#.######.# ##..
#........# #
###...###########...####
.......................'
##.....@########.......#
#.###.S# #.#..##.# #..#
#.##.##.# #..# #.##.##.#
...# #.#..##.# $####
##.#.###.# . #......#.#
# #..#.#.#.# #........#


You could see a ball python.

Vanquished Creatures
  An adder (D:3)
  A ribbon worm (D:2)
  A dart slug (D:2)
  4 orcs (D:3)
  6 ball pythons
  3 endoplasms
  2 goblins (D:2)
  3 hobgoblins
  4 jackals (D:2)
  10 kobolds
  3 quokkas
  5 bats
  5 frilled lizards
  5 rats
53 creatures vanquished.

Notes
Turn   | Place    | Note
-------+----------+-------------------------------------------
     0 | D:1      | swlaerka the Minotaur Berserker began the quest for the
                  | Orb.
     0 | D:1      | Reached XP level 1. HP: 19/19 MP: 0/0
   442 | D:1      | Reached XP level 2. HP: 23/27 MP: 1/1
  1525 | D:2      | Reached XP level 3. HP: 33/33 MP: 2/2
  1994 | D:2      | Found a faded altar of an unknown god.
  2167 | D:3      | Reached ** piety under Trog
  2287 | D:3      | Reached XP level 4. HP: 41/41 MP: 3/3
  2471 | D:3      | You fall into a shaft and drop 1 floor!
  2706 | D:3      | Constricted to death by a ball python

Illustrated notes

Levels and vault maps discovered:
D:1:      wander_arrival_chamber, layout_basic, nicolae_eternal_life,
          minivault_27
D:2:      layout_loops_ring, shapermc_ecumenical_altar_petra,
          serial_park_tiny_2, grunt_decor_mini_mirrors
D:3:      minmay_diamond_boxcup, layout_loops_corners,
          nicolae_overflow_hidden_temple, solitary_fountain,
          lexackson_kobold_supper, uniq_jessica
D:4:      minmay_general_purpose_star, layout_loops_ring,
          nicolae_figureground_sparkle

Skill      XL: |  1  2  3 |
---------------+----------+-----
Maces & Flails | 4 |  4.7
Fighting       | 4 |  4.5
Armour         | 3 |  3.0
Dodging        | |  2.4
Stealth        | |  0.3

Action                     |  1- 3 |  4- 6 || total
---------------------------+-------+-------++-------
  Melee: Mace              |   100 |    34 ||   134
         Headbutt          |    20 |    11 ||    31
         Punch             |     1 |       ||     1
         Unarmed           |       |     1 ||     1
 Armour: Animal skin       |     4 |       ||     4
         Ring mail         |    53 |    13 ||    66
         Leather armour    |     1 |       ||     1
  Dodge: Dodged            |    63 |    15 ||    78
   Form: Blade             |       |     1 ||     1
